 Dungeon Crawl Stone Soup version 0.25-a0-365-g7600c65aa0 (webtiles) character file.

Game seed: 10707511071644368991, levelgen mode: deterministic

445 Essalna the Gusty (level 7, -8/38 HPs)
             Began as a Tengu Air Elementalist on Jan 5, 2020.
             Shot with an arrow by a centaur (14 damage)
             ... on level 5 of the Dungeon.
             The game lasted 00:12:09 (4655 turns).

Essalna the Gusty (Tengu Air Elementalist)          Turns: 4655, Time: 00:12:10

Health: -8/38      AC:  2    Str:  8    XL:     7   Next: 3%
Magic:  10/13      EV: 13    Int: 17    God:
Gold:   228        SH:  0    Dex: 12    Spells: 2/13 levels left

rFire    . . .     SeeInvis .   k - +1 short sword (venom)
rCold    . . .     Gourm    .   (no shield)
rNeg     . . .     Faith    .   a - +0 robe
rPois    .         Spirit   .   (helmet restricted)
rElec    .         Reflect  .   (no cloak)
rCorr    .         Harm     .   (no gloves)
MR       .....                  (boots unavailable)
Stlth    ++........             (no amulet)
HPRegen  0.12/turn              m - -3 ring of dexterity (curse)
MPRegen  0.13/turn              (no ring)

@: no status effects
A: beak, talons 3, able to fly
a: Fly


You were on level 5 of the Dungeon.
You were not hungry.

You visited 1 branch of the dungeon, and saw 5 of its levels.

You collected 228 gold pieces.

Inventory:

Hand Weapons
 e - a +0 dagger
 h - a +0 dagger of protection
 k - a +1 short sword of venom (weapon)
 n - a +1 hand axe of electrocution
Armour
 a - a +0 robe (worn)
Jewellery
 m - a cursed -3 ring of dexterity (left hand)
Wands
 i - a wand of flame (24)
Scrolls
 b - a scroll of teleportation
 f - a scroll of blinking
 l - 2 scrolls of identify
 o - a scroll of remove curse
Potions
 g - a potion of berserk rage
 j - 3 potions of curing {unknown}
 r - a potion of brilliance {unknown}
Comestibles
 c - 6 rations


   Skills:
 + Level 1.1 Fighting
 + Level 1.5 Armour
 + Level 2.7 Dodging
 - Level 2.0 Stealth
 + Level 3.8 Spellcasting
 + Level 5.0 Conjurations
 + Level 6.2 Air Magic


You had 2 spell levels left.
You knew the following spells:

 Your Spells              Type           Power        Failure   Level  Hunger
a - Shock                 Conj/Air       ###.         1%          1    None
b - Swiftness             Chrm/Air       ##......     7%          2    ##.....
c - Static Discharge      Conj/Air       ###.....     4%          3    ###....
d - Lightning Bolt        Conj/Air       ###.......   41%         5    ######.

Your spell library contained the following spells:

 Spells                   Type           Power        Failure   Level  Hunger
 Airstrike                Air            ###.......   12%         4    ####...


Dungeon Overview and Level Annotations

Branches:
Dungeon (5/15)
 Temple: D:4-7

Altars:
Gozag
Nemelex Xobeh
Okawaru
Xom
The Shining One


Innate Abilities, Weirdness & Mutations

You have a beak for a mouth.
You have claws for feet.
You can fly continuously.


Message History

Aim: a centaur, quivering 7 arrows (resting)
The zap hits the centaur.
The centaur is lightly wounded.
The centaur shouts!
The centaur wields a +0 shortbow.
The centaur shoots an arrow.
The arrow hits you!
Casting: Shock (safe; 1% risk of failure)
Confirm with . or Enter, or press ? or * to list all spells.
Aiming: Shock (safe; 1% risk of failure)
Press: ? - help, Shift-Dir - straight line, f/p - centaur
Aim: a centaur, wielding a +0 shortbow and quivering 6 arrows (lightly wounded)
The zap hits the centaur.
The centaur is moderately wounded.
The centaur shoots an arrow.
The arrow hits you.
The centaur shoots an arrow.
The arrow hits you!
* * * LOW HITPOINT WARNING * * *
The centaur shoots an arrow.
The arrow hits you.
* * * LOW HITPOINT WARNING * * *
The centaur shoots an arrow.
The arrow hits you!
You die...

#########
#@.......
####.#######
#....#
##...# #..(#
+...c...c(.
#...#......
#...##.....
#######
#...# #$..#


You could see a centaur.

Vanquished Creatures
  An ogre (D:4)
  A crimson imp (D:4)
  A jelly (D:3)
  2 hounds (D:4)
  2 iguanas (D:4)
  A worker ant (D:4)
  A hound skeleton (D:4)
  2 adders
  A shadow imp (D:5)
  3 oozes
  An adder skeleton (D:4)
  A worm (D:2)
  5 dart slugs
  2 leopard geckos (D:4)
  7 orcs
  2 giant cockroaches
  8 goblins
  8 hobgoblins
  12 jackals
  3 quokkas
  3 ball pythons
  7 bats
  3 frilled lizards (D:2)
  A goblin zombie (D:4)
  4 hobgoblin zombies (D:4)
  8 kobolds
  A kobold skeleton (D:4)
  3 orc skeletons (D:4)
  9 rats
103 creatures vanquished.

Notes
Turn   | Place    | Note
-------+----------+-------------------------------------------
     0 | D:1      | Essalna the Tengu Air Elementalist began the quest for the
                  | Orb.
     0 | D:1      | Reached XP level 1. HP: 10/10 MP: 4/4
   196 | D:1      | Reached XP level 2. HP: 15/15 MP: 0/6
   798 | D:1      | Reached XP level 3. HP: 14/19 MP: 5/7
  1413 | D:2      | Found an iron altar of Okawaru.
  1581 | D:2      | Reached XP level 4. HP: 21/24 MP: 2/9
  1846 | D:2      | Found an opulent altar of Gozag.
  1859 | D:2      | Reached skill level 5 in Air Magic
  2417 | D:3      | Gained mutation: You can fly continuously. [Tengu growth]
  2417 | D:3      | Reached XP level 5. HP: 18/28 MP: 3/10
  3279 | D:4      | Found a shimmering altar of Xom.
  3577 | D:4      | Reached skill level 6 in Air Magic
  3577 | D:4      | Reached XP level 6. HP: 8/32 MP: 9/12
  3819 | D:4      | Learned a level 2 spell: Swiftness
  3823 | D:4      | Learned a level 3 spell: Static Discharge
  3829 | D:4      | Learned a level 5 spell: Lightning Bolt
  3921 | D:4      | You fall into a shaft and drop 1 floor!
  3921 | D:5      | Entered Level 5 of the Dungeon
  3952 | D:4      | Found a sparkling altar of Nemelex Xobeh.
  4169 | D:4      | Found a glowing golden altar of the Shining One.
  4187 | D:4      | Reached skill level 1 in Armour
  4293 | D:4      | Reached skill level 1 in Fighting
  4535 | D:4      | Reached skill level 5 in Conjurations
  4535 | D:4      | Reached XP level 7. HP: 38/38 MP: 8/13
  4655 | D:5      | Shot with an arrow by a centaur

Levels and vault maps discovered:
D:1:      dpeg_arrival_arbitrary_a, layout_loops_corners
D:2:      layout_loops_ring, nicolae_gozag_cash_rules_everything_around_me,
          okawaru_trees_1
D:3:      wad_crossroads, layout_basic
D:4:      layout_gridville, nemelex_xobeh_ov_fountains_minmay,
          nicolae_tso_besieged_by_evil, xom_confusion_cloud
D:5:      kennysheep_six_static_rooms, layout_loops_ring, old_standard_altar,
          kennysheep_little_box, first_ration, minmay_manual_monolith

Skill      XL: |  1  2  3  4  5  6 |
---------------+-------------------+-----
Conjurations   | 2 3 4 5 |  5.0
Air Magic      | 5 6 |  6.2
Spellcasting   | 3 |  3.8
Armour         | 1 |  1.5
Fighting       | 1 |  1.1
Dodging        | |  2.7
Stealth        | |  2.0

Action                   |  1- 3 |  4- 6 |  7- 9 || total
-------------------------+-------+-------+-------++-------
Melee: Unarmed           |     5 |       |       ||     5
       Peck              |     5 |    10 |       ||    15
       Dagger            |    20 |       |       ||    20
       Kick              |     3 |    13 |       ||    16
       Short sword       |     8 |    65 |       ||    73
 Cast: Shock             |    47 |   102 |     6 ||   155
  Use: Scroll            |       |     8 |       ||     8
 Stab: Sleeping          |     2 |     8 |       ||    10
  Eat: Chunk             |     3 |     9 |       ||    12
Armor: Robe              |    11 |    10 |       ||    21
Dodge: Dodged            |    34 |    54 |       ||    88

Table legend:
 A = Non-vault XP
 B = Vault XP
 C = Vault XP percentage of total XP
 D = Non-vault monster count
 E = Vault monster count
 F = Vault count percentage of total count
                 A         B        C        D         E       F
            +---------+---------+-------+---------+---------+-------
      Total |     487 |     150 |  23.5 |      85 |      18 |  17.5
            +---------+---------+-------+---------+---------+-------
        D:1 |      43 |       0 |   0.0 |      19 |       0 |   0.0
        D:2 |      68 |       0 |   0.0 |      31 |       0 |   0.0
        D:3 |      88 |      17 |  16.2 |      18 |       4 |  18.2
        D:4 |     277 |     133 |  32.4 |      16 |      14 |  46.7
        D:5 |      11 |       0 |   0.0 |       1 |       0 |   0.0
            +---------+---------+-------+---------+---------+-------
